Map: Lost and Found LE

Players

Snute - Winner!

  • Race: Zerg Zerg
  • Spawn Location: 7:00

Silky

  • Race: Zerg Zerg
  • Spawn Location: 1:00

Event: WCS Austin 2018

VOD

Have the link to the VOD?

Description

Time

  • Played on: June 1, 2018, 6:02 p.m.
  • Length: 11:22

All games in this series

Show
View Real Time Build Order
Export as new Build Order

Snute Zerg - Winner!

Build Orders: Hatch First, Zergling Baneling 

Get SALT Encoding   

  12  0:00  Drone  
  13  0:12  Overlord  
  13  0:16  Drone  
  14  0:30  Drone x2  
  14  0:34  Drone  
  17  0:52  Hatchery  
  17  0:55  Drone  
  17  0:58  Drone  
  17  1:02  Extractor  
  17  1:13  Spawning Pool  
  17  1:16  Drone  
  17  1:20  Drone  
  18  1:28  Drone  
  19  1:38  Overlord  
  19  1:49  Drone  
  20  2:00  Queen  
  20  2:01  Drone  
  23  2:02  Metabolic Boost  
  23  2:04  Drone  
  23  2:05  Queen  
  26  2:11  Drone  
  26  2:15  Drone  
  28  2:21  Drone  
  29  2:26  Zergling x2  
  30  2:32  Zergling x2  
  30  2:36  Hatchery  
  30  2:38  Zergling x2  
  31  2:44  Overlord  
  31  2:47  Zergling x2  
  31  2:51  Baneling Nest  
  31  2:53  Drone  
  32  3:01  Drone  
  32  3:04  Drone  
  34  3:09  Zergling x2  
  34  3:10  Zergling x6  
  38  3:15  Zergling x6  
  41  3:20  Overlord  
  41  3:24  Queen  
  43  3:27  Zergling x2  
  43  3:32  Overlord  
  44  3:36  Baneling x2  
  44  3:38  Baneling  
  44  3:42  Zergling x6  
  44  3:44  Baneling  
  44  3:45  Baneling  
  44  3:47  Drone x2  
  46  3:59  Drone x5  
  47  4:07  Zergling x2  
  47  4:08  Zergling x4  
  46  4:11  Drone x3  
  49  4:21  Zergling x12  
  53  4:25  Drone x2  
  53  4:28  Baneling x2  
  53  4:29  Baneling x2  
  53  4:30  Drone  
  56  4:33  Extractor  
  55  4:40  Drone  
  55  4:41  Drone x2  
  57  4:50  Drone x9  
  64  4:53  Overlord  
  64  4:54  Drone  
  63  5:02  Zergling x6  
  63  5:06  Roach Warren  
  61  5:09  Extractor  
  61  5:10  Zergling x2  
  61  5:13  Zergling x2  
  62  5:14  Zergling x2  
  62  5:19  Overlord, Drone  
  62  5:20  Drone x2  
  64  5:27  Baneling x2, Zergling x2  
  64  5:28  Zergling x4  
  67  5:34  Overlord  
  67  5:38  Zergling x10  
  68  5:50  Roach  
  68  5:51  Roach x2  
  68  5:55  Lair, Roach  
  68  5:56  Roach x5  
  85  6:00  Overlord  
  85  6:05  Evolution Chamber  
  85  6:06  Roach x3  
  85  6:09  Overlord x2  
  85  6:10  Baneling  
  89  6:11  Overlord  
  89  6:12  Overlord  
  89  6:15  Overlord  
  86  6:23  Roach x2  
  86  6:26  Roach x3  
  91  6:33  Drone  
  91  6:34  Zerg Missile Weapons Level 1, Drone x2  
  91  6:35  Drone x2  
  91  6:37  Drone  
  97  6:45  Drone  
  98  6:50  Drone x2  
  98  6:52  Hatchery  
  98  6:53  Glial Reconstitution  
  98  6:54  Extractor  
  98  6:58  Drone x3  
  98  6:59  Drone x3  
  104  7:02  Drone x3  
  104  7:05  Extractor  
  104  7:07  Drone  
  107  7:08  Overlord  
  107  7:09  Drone  
  107  7:11  Extractor  
  107  7:17  Roach x3  
  107  7:18  Unknown  
  113  7:23  Hatchery  
  113  7:25  Roach x3  
  118  7:31  Roach x6  
  130  7:42  Roach  
  130  7:43  Roach x5  
  141  7:47  Overlord  
  141  7:50  Roach  
  143  7:52  Pneumatized Carapace  
  143  7:55  Roach  
  143  7:56  Overlord x3  
  143  7:58  Overlord  
  145  8:06  Roach  
  145  8:07  Roach x3  
  153  8:13  Overlord x2, Tunneling Claws  
  153  8:15  Burrow  
  153  8:20  Ravager x2  
  153  8:21  Ravager  
  153  8:22  Drone x4  
  153  8:23  Drone  
  161  8:33  Zerg Missile Weapons Level 2, Evolution Chamber  
  160  8:39  Queen  
  160  8:40  Extractor  
  163  8:41  Roach x4  
  163  8:42  Extractor  
  163  8:45  Roach x2  
  163  8:48  Unknown  
  172  8:53  Ravager x3  
  177  8:55  Roach  
  177  8:56  Roach  
  179  9:04  Roach x5  
  179  9:08  Ravager  
  190  9:13  Roach x5  
  192  9:35  Roach x13  
  185  9:41  Roach  
  185  9:42  Roach x4  
  172  9:45  Roach  
  172  9:46  Roach  
  172  9:49  Roach x2  
  172  9:51  Ravager  
  157  9:53  Ravager  
  157  9:57  Roach  
  157  9:58  Roach x3  
  164  10:01  Ravager x2  
  166  10:15  Roach x7  
  166  10:21  Roach x4  
  180  10:23  Roach x4  
  180  10:28  Roach x3  
  190  10:31  Roach x4  
  194  10:39  Roach x3  
  198  10:43  Roach x3  
  198  10:59  Roach  
Show
View Real Time Build Order
Export as new Build Order

Silky Zerg 

Build Orders: Hatch First, Zergling Baneling 

Get SALT Encoding   

  12  0:00  Drone  
  13  0:12  Overlord  
  13  0:17  Drone  
  14  0:30  Drone x2  
  16  0:48  Hatchery  
  15  0:51  Drone  
  15  0:54  Drone  
  17  0:57  Drone  
  18  1:09  Extractor  
  17  1:13  Spawning Pool  
  17  1:16  Drone  
  17  1:19  Drone  
  18  1:27  Drone  
  19  1:38  Drone  
  20  1:50  Overlord  
  20  2:00  Queen x2  
  20  2:01  Zergling x4  
  26  2:08  Metabolic Boost  
  26  2:10  Drone  
  26  2:11  Drone  
  28  2:23  Drone x2  
  30  2:33  Hatchery  
  29  2:40  Baneling Nest  
  29  2:44  Drone x2  
  29  2:47  Zergling x2  
  31  2:51  Overlord  
  31  2:56  Drone  
  31  2:57  Drone  
  33  3:08  Zergling x2  
  33  3:09  Drone x2  
  33  3:10  Drone x2  
  37  3:16  Zergling x6  
  40  3:23  Baneling x2, Queen  
  42  3:30  Drone x2  
  44  3:38  Zergling x2  
  44  3:41  Baneling x2  
  44  3:45  Overlord x2  
  44  3:48  Baneling  
  43  4:00  Zergling x6  
  44  4:07  Drone x3  
  44  4:09  Drone x3  
  49  4:13  Extractor  
  49  4:14  Baneling x2, Zergling x2  
  49  4:15  Zergling x2  
  49  4:16  Evolution Chamber  
  49  4:20  Drone x4  
  51  4:24  Drone  
  51  4:25  Drone  
  51  4:29  Extractor  
  51  4:30  Baneling  
  51  4:31  Baneling, Zergling x2  
  52  4:35  Overlord  
  53  4:39  Drone  
  53  4:43  Drone x4  
  58  4:47  Drone x4  
  58  4:51  Overlord  
  61  4:53  Baneling x2  
  61  4:54  Zergling x8  
  61  4:57  Baneling x2  
  61  4:58  Zergling x4  
  63  5:07  Zergling x4  
  63  5:11  Queen  
  63  5:12  Lair  
  67  5:14  Zergling x2  
  67  5:17  Drone  
  67  5:22  Drone  
  67  5:23  Drone, Roach Warren  
  67  5:25  Baneling x2  
  67  5:26  Baneling  
  67  5:27  Drone  
  69  5:33  Drone x2  
  71  5:37  Drone  
  71  5:40  Overlord  
  72  5:46  Overlord  
  72  5:47  Drone x2  
  72  5:51  Drone x3  
  72  5:54  Overlord  
  73  5:58  Overlord  
  73  5:59  Zergling x6  
  73  6:02  Extractor x2  
  73  6:04  Zerg Missile Weapons Level 1  
  73  6:11  Roach x3  
  78  6:15  Zergling x6  
  78  6:17  Hatchery  
  78  6:19  Zergling x2  
  78  6:23  Drone x5  
  81  6:30  Roach  
  83  6:35  Drone x3  
  86  6:40  Roach x3  
  86  6:43  Queen  
  86  6:44  Roach  
  94  6:49  Roach x2  
  94  6:50  Roach x2  
  94  6:51  Roach  
  103  6:55  Roach  
  103  6:59  Overlord  
  103  7:00  Roach x3  
  103  7:01  Roach  
  113  7:03  Overseer  
  113  7:08  Overlord  
  113  7:11  Overlord  
  113  7:13  Overlord  
  113  7:19  Roach  
  113  7:21  Roach  
  116  7:25  Drone  
  116  7:26  Evolution Chamber  
  116  7:27  Roach  
  118  7:30  Roach x6  
  118  7:31  Roach  
  118  7:35  Overlord  
  130  7:39  Roach  
  130  7:41  Roach x2  
  130  7:44  Roach  
  138  7:46  Overlord  
  138  7:49  Queen  
  140  7:52  Overlord  
  140  7:53  Zerg Ground Armor Level 1, Roach  
  140  7:54  Roach x2  
  140  7:55  Roach  
  140  7:56  Roach  
  140  7:57  Roach x2  
  154  7:58  Zerg Missile Weapons Level 2  
  154  8:00  Overlord  
  154  8:01  Roach  
  154  8:04  Roach  
  158  8:06  Drone  
  158  8:07  Drone x2  
  158  8:09  Roach x2  
  165  8:14  Overlord  
  165  8:16  Roach x2  
  165  8:18  Ravager x4  
  172  8:21  Overseer, Roach  
  172  8:22  Roach  
  172  8:24  Roach  
  177  8:31  Roach x4  
  183  8:36  Roach x2  
  183  8:37  Roach  
  183  8:39  Roach  
  191  8:42  Overlord x2  
  191  8:47  Overlord, Ravager  
  192  8:51  Overlord  
  192  8:58  Extractor  
  192  8:59  Overlord  
  192  9:01  Spine Crawler  
  194  9:02  Roach  
  194  9:03  Roach x4  
  200  9:11  Extractor  
  200  9:15  Ravager  
  200  9:20  Hydralisk Den  
  189  9:32  Roach x9  
  189  9:35  Overlord  
  189  9:37  Roach x3  
  173  9:41  Roach x3  
  173  9:44  Roach x3  
  173  9:45  Roach x4  
  157  9:47  Roach  
  157  9:52  Drone x2, Roach  
  141  9:56  Roach x2  
  141  9:57  Roach  
  141  9:59  Roach  
  131  10:03  Roach x2  
  135  10:07  Roach  
  135  10:08  Roach  
  135  10:09  Roach  
  135  10:13  Spine Crawler  
  135  10:14  Roach  
  142  10:15  Overseer, Ravager  
  142  10:18  Roach  
  142  10:20  Roach  
  142  10:21  Roach  
  149  10:25  Roach x2  
  149  10:26  Roach  
  149  10:27  Ravager x2  
  157  10:29  Drone  
  157  10:30  Drone  
  157  10:33  Roach x2  
  163  10:41  Roach x3  
  163  10:42  Roach  
  171  10:46  Lurker Den  
  171  10:49  Overlord  
  170  10:52  Overlord  
  170  10:56  Roach x4  
  178  10:58  Ravager x2  
  178  10:59  Ravager  
Tags
 
Add a new tag
Caveats
  • Supply blocks, unpowered buildings, or Contaminate may cause inaccurate times.
  • Supply counts are checked every 10 seconds.